 Dungeon Crawl Stone Soup version 0.25.1-2-g60ff931df9 (webtiles) character file.

Game seed: 6488613230886296672

927 Delamore the Cudgeler (level 8, -2/49 HPs)
             Began as a Gargoyle Fighter on Aug 30, 2020.
             Was a Follower of Okawaru.
             Slain by a bullfrog zombie (4 damage)
             ... on level 5 of the Dungeon.
             The game lasted 00:06:42 (5548 turns).

Delamore the Cudgeler (Gargoyle Fighter)            Turns: 5548, Time: 00:06:43

Health: -2/49      AC: 13    Str: 21    XL:     8   Next: 10%
Magic:  8/8        EV: 11    Int: 10    God:    Okawaru [*.....]
Gold:   221        SH:  9    Dex:  9    Spells: 7/7 levels left

rFire    . . .     SeeInvis .   a - +0 flail
rCold    . . .     Gourm    .   c - +0 kite shield
rNeg     + . .     Faith    .   b - +0 scale mail
rPois    ∞         Spirit   .   q - +1 hat
rElec    +         Reflect  .   (no cloak)
rCorr    .         Harm     .   (no gloves)
MR       .....                  (no boots)
Stlth    ..........             (no amulet)
HPRegen  0.16/turn              g - +4 ring of evasion
MPRegen  0.11/turn              (no ring)

@: no status effects
A: negative energy resistance 1, electricity resistance, unbreathing,
petrification resistance, rot immunity, AC +5
a: Heroism, Renounce Religion


You were on level 5 of the Dungeon.
You worshipped Okawaru.
Okawaru was aware of your devotion.
You were not hungry.

You visited 1 branch of the dungeon, and saw 6 of its levels.

You collected 221 gold pieces.

Inventory:

Hand Weapons
 a - a +0 flail (weapon)
Missiles
 n - 2 curare-tipped darts (quivered)
Armour
 b - a +0 scale mail (worn)
 c - a +0 kite shield (worn)
 q - a +1 hat (worn)
Jewellery
 g - a +4 ring of evasion (left hand)
 v - an uncursed ring of ice
Wands
 t - a wand of disintegration (15)
Scrolls
 e - 2 scrolls of enchant armour {unknown}
 h - 5 scrolls of identify {unknown}
 i - 2 scrolls of teleportation {unknown}
 k - 3 scrolls of amnesia {unknown}
 l - a scroll of enchant weapon {unknown}
 m - a scroll of noise {unknown}
 p - a scroll of remove curse {unknown}
 w - a scroll of magic mapping {unknown}
Potions
 d - 2 potions of might
 j - 3 potions of flight {unknown}
 o - 2 potions of heal wounds {unknown}
 s - a potion of brilliance {unknown}
 u - a potion of berserk rage {unknown}
Comestibles
 f - 7 rations
 r - 6 chunks of flesh


   Skills:
 - Level 5.0 Fighting
 * Level 7.0 Maces & Flails
 - Level 5.0 Armour
 - Level 5.0 Shields


You had 7 spell levels left.
You didn't know any spells.
Your spell library was empty.

Dungeon Overview and Level Annotations

Branches:
Dungeon (6/15)
 Temple: D:4-7

Altars:
Gozag
Kikubaaqudgha
Nemelex Xobeh
Okawaru
Uskayaw


Innate Abilities, Weirdness & Mutations

You are resistant to torment.
Your stone body is resilient. (AC +5)
You are immune to poison.
You resist negative energy. (rN+)
You are resistant to electric shocks. (rElec)
You can survive without breathing.
You are immune to petrification.
You are immune to rotting.


Message History

You hit the bullfrog zombie but do no damage.
The bullfrog zombie is almost destroyed.
The bullfrog zombie hits you but does no damage.
You hit the bullfrog zombie.
The bullfrog zombie is almost destroyed.
You block the bullfrog zombie's attack. x2
The bullfrog zombie hits you but does no damage.
The bullfrog zombie hits you but does no damage.
The orc priest invokes the aid of Beogh against you.
Beogh smites you!
* * * LOW HITPOINT WARNING * * *
You block the bullfrog zombie's attack. You block the bullfrog zombie's attack.
The orc priest calls down the wrath of Beogh upon you.
Beogh smites you!
* * * LOW HITPOINT WARNING * * *
You block the bullfrog zombie's attack.
There is a stone staircase leading up here.
The bullfrog zombie hits you.
You die...

#.#..........#
###.##########.#
#........>.....##
..##.########...#
..##.# #...# #.##.#
####...####
...#.#####.........#
................)..#
......####.o...Z@..#
......# ####...####
......# #...#
....#.# #...#
...##.# #.###
#..##.# #.# #..##.#
#.# #..##.# #.#####
...##.# #.....#


You could see an orc priest and a bullfrog zombie.

Vanquished Creatures
  Sigmund (D:3)
  A sky beast (D:4)
  An ogre (D:6)
  6 orc priests
  A bullfrog skeleton (D:4)
  Ijyb (D:3)
  An iguana (D:4)
  A worker ant (D:4)
  2 orc wizards
  A hound zombie (D:5)
  2 gnolls (D:2)
  A howler monkey skeleton (D:4)
  7 adders
  An ooze (D:3)
  An adder skeleton (D:4)
  5 worms
  6 leopard geckos
  20 orcs
  5 giant cockroaches
  6 goblins
  8 hobgoblins
  6 jackals
  A quokka (D:3)
  A ball python (D:4)
  8 bats
  3 frilled lizards
  13 kobolds
  A quokka skeleton (D:5)
  11 rats
122 creatures vanquished.

Notes
Turn   | Place    | Note
-------+----------+-------------------------------------------
     0 | D:1      | Delamore the Gargoyle Fighter began the quest for the Orb.
     0 | D:1      | Reached XP level 1. HP: 14/14 MP: 1/1
   198 | D:1      | Reached XP level 2. HP: 12/19 MP: 2/2
   819 | D:1      | Reached XP level 3. HP: 23/23 MP: 3/3
  1676 | D:2      | Reached skill level 3 in Maces & Flails
  1676 | D:2      | Reached XP level 4. HP: 29/29 MP: 4/4
  2153 | D:2      | Found an iron altar of Okawaru.
  2202 | D:2      | Became a worshipper of Warmaster Okawaru
  2452 | D:3      | Noticed Sigmund
  2575 | D:3      | Killed Sigmund
  2575 | D:3      | Reached skill level 4 in Maces & Flails
  2575 | D:3      | Reached XP level 5. HP: 25/34 MP: 5/5
  2575 | D:3      | Reached XP level 6. HP: 29/39 MP: 6/6
  2793 | D:3      | Found a sparkling altar of Nemelex Xobeh.
  3522 | D:3      | Found an opulent altar of Gozag.
  3522 | D:3      | Found an ancient bone altar of Kikubaaqudgha.
  3522 | D:3      | Found a hide-covered altar of Uskayaw.
  3522 | D:3      | Found an iron altar of Okawaru.
  3776 | D:3      | Noticed Ijyb
  3787 | D:3      | Killed Ijyb
  3787 | D:3      | Reached * piety under Okawaru
  3787 | D:3      | Reached XP level 7. HP: 16/44 MP: 7/7
  4201 | D:4      | Reached skill level 5 in Maces & Flails
  4668 | D:4      | Reached skill level 5 in Fighting
  4668 | D:4      | Reached skill level 5 in Armour
  4668 | D:4      | Reached skill level 5 in Shields
  4813 | D:5      | Entered Level 5 of the Dungeon
  5152 | D:6      | Reached skill level 6 in Maces & Flails
  5390 | D:5      | Reached XP level 8. HP: 49/49 MP: 8/8
  5527 | D:5      | Reached skill level 7 in Maces & Flails
  5546 | D:5      | HP: 2/49 [orc priest/divine providence (11)]
  5548 | D:5      | Slain by a bullfrog zombie

Illustrated notes

Levels and vault maps discovered:
D:1:      dpeg_arrival_shrine, layout_basic
D:2:      layout_loops_ring, first_ration, okawaru_altar_gauntlet_db
D:3:      layout_loops_corners, chequers_temple_overflow_statue_of_worship,
          nemelex_xobeh_ov_fountains_minmay, item_on_display_a, uniq_sigmund,
          uniq_ijyb
D:4:      layout_basic
D:5:      layout_loops_ring, gammafunk_ghost_necromancy
D:6:      minmay_clustersquares, layout_rooms, kennysheep_mini_moat,
          minmay_temple_entry_proselytizer, grunt_qazlal_clouds,
          uniq_blork_the_orc

Skill      XL: |  1  2  3  4  5  6  7  8 |
---------------+-------------------------+-----
Maces & Flails | 3 4 6 7 |  7.0
Fighting       | 4 5 |  5.0
Armour         | 4 5 |  5.0
Shields        | 4 5 |  5.0

Action                   |  1- 3 |  4- 6 |  7- 9 || total
-------------------------+-------+-------+-------++-------
Melee: Flail             |   160 |   242 |   211 ||   613
  Eat: Chunk             |     3 |     7 |     3 ||    13
       Ration            |       |       |     1 ||     1
Armor: Scale mail        |    88 |   115 |    84 ||   287
Dodge: Dodged            |    53 |   100 |   104 ||   257
Block: Kite shield       |    90 |   148 |   102 ||   340
